Get step-by-step instructions on how to execute this build order below. Start the game timer, and the build order will tick by so you can play in parallel with StarCraft on a second screen or mobile device.

Game Time

  0:00

Last Step

  N/A

Next Step

Upcoming Step



Don't want to look back and forth between 2 screens? Try out our Overwolf App, the Spawning Tool Build Advisor to get an in-game overlay with this build!

Complete Build Order

  12  0:00  Probe  
  13  0:12  Probe  
  14  0:17  Pylon  
  14  0:24  Probe (Chrono Boost)  
  15  0:36  Gateway, Probe (Chrono Boost)  
  16  0:45  Probe (Chrono Boost)  
  16  0:46  Assimilator  
  17  0:51  Probe  
  18  1:03  Probe  
  19  1:15  Probe  
  20  1:23  Cybernetics Core  
  20  1:43  Probe  
  20  1:45  Nexus  
  23  1:47  Pylon  
  23  1:52  Assimilator  
  23  1:58  Probe  
  23  2:01  Warp Gate (Chrono Boost)  
  22  2:04  Adept (Chrono Boost)  
  24  2:10  Probe  
  25  2:23  Probe  
  25  2:27  Adept  
  28  2:35  Probe  
  29  2:37  Gateway x2  
  29  2:42  Robotics Facility  
  29  2:48  Probe  
  30  2:55  Pylon  
  30  3:00  Probe  
  30  3:01  Adept  
  30  3:04  Probe  
  34  3:11  Shield Battery  
  34  3:15  Probe  
  35  3:22  Pylon  
  33  3:37  Stalker x2  
  33  3:38  Stalker  
  34  3:51  Probe  
  34  3:54  Observer (Chrono Boost)  
  37  4:01  Stalker x2  
  41  4:04  Stalker  
  41  4:08  Probe  
  43  4:12  Probe  
  43  4:36  Stalker x3  
  43  4:37  Probe (Chrono Boost)  
  48  4:43  Probe (Chrono Boost)  
  49  4:49  Probe (Chrono Boost)  
  48  4:55  Probe (Chrono Boost)  
  48  4:57  Observer, Probe (Chrono Boost)  
  48  4:59  Stalker x2  
  54  5:01  Stalker  
  54  5:06  Probe  
  56  5:07  Probe  
  58  5:17  Pylon  
  58  5:18  Probe  
  58  5:19  Probe  
  60  5:28  Warp Prism (Chrono Boost)  
  55  5:31  Probe  
  55  5:32  Probe  
  59  5:41  Twilight Council  
  59  5:45  Forge  
  59  5:46  Probe  
  59  5:47  Pylon  
  59  5:49  Probe  
  61  5:52  Adept  
  63  5:58  Sentry, Probe  
  63  6:02  Assimilator, Probe  
  63  6:04  Assimilator  
  67  6:06  Shield Battery, Charge (Chrono Boost)  
  67  6:11  Protoss Ground Weapons Level 1 (Chrono Boost), Probe  
  68  6:14  Probe  
  69  6:24  Gateway  
  69  6:25  Gateway  
  69  6:33  Gateway  
  69  6:35  Gateway  
  69  6:39  Gateway  
  69  6:43  Probe  
  69  6:44  Probe  
  71  6:50  Pylon  
  71  6:53  Templar Archives  
  71  6:58  Colossus  
  71  7:18  Zealot x4  
  71  7:20  Pylon  
  71  7:22  Pylon  
  79  7:30  High Templar x2  
  79  7:31  Zealot  
  79  7:34  Pylon  
  85  7:42  Archon  
  84  7:45  Nexus  
  84  7:55  Protoss Ground Armor Level 1 (Chrono Boost)  
  84  7:59  Pylon  
  84  8:03  High Templar x2  
  84  8:04  Zealot x4  
  96  8:08  Archon  
  96  8:09  Zealot  
  96  8:10  Zealot  
  100  8:21  Probe  
  100  8:24  Zealot x2  
  105  8:35  Observer (Chrono Boost)  
  105  8:37  Zealot x2  
  110  8:41  Pylon  
  110  8:42  Pylon  
  110  8:57  Immortal  
  110  8:58  Sentry x2  
  110  8:59  Zealot x2  
  110  9:01  Probe x2  
  124  9:06  Stalker  
  126  9:12  Zealot x2  
  128  9:29  Zealot x5  
  134  9:36  Zealot x2